ORI
LOUISIANA STATE UNIVERSITY TIGERS @ UNIVERSITY OF CONNETICUT HUSKIES
08/16/2047
 
TOP OF THE 1ST
Louisiana State University Tigers batting - Pitching for University of Conneticut Huskies : RHP Sherwood Abernethy
Pitching: RHP Sherwood Abernethy
Batting: LHB Elijah Mallandain 0-0: Ball
1-0: Ground out U3 (Groundball, 34S, EV 82.5 MPH)
Batting: LHB Oscar Rivera 0-0: Ball
1-0: Swinging Strike
1-1: Swinging Strike
1-2: Strikes out swinging
Batting: RHB Pete Roberts 0-0: Swinging Strike
0-1: Fly out, F8 (Flyball, 8RS, EV 92.5 MPH)
Top of the 1st over - 0 runs, 0 hits, 0 errors, 0 left on base; Louisiana State University 0 - University of Conneticut 0
BOTTOM OF THE 1ST
University of Conneticut Huskies batting - Pitching for Louisiana State University Tigers : RHP Angel Pastor
Pitching: RHP Angel Pastor
Batting: RHB Kyle Finney 0-0: Fly out, F8 (Flyball, 8RD, EV 102.5 MPH)
Batting: RHB Victor Ramos 0-0: Ball
1-0: Ball
2-0: Called Strike
2-1: Called Strike
2-2: Fly out, F8 (Flyball, 8RD, EV 101.2 MPH)
Batting: LHB Greg James 0-0: Called Strike
0-1: Ball
1-1: Ball
2-1: Foul Ball, location: 2F
2-2: SINGLE (Groundball, 34D, EV 98.1 MPH)
Batting: LHB Andrew Barzee 0-0: Ball
1-0: SINGLE (Groundball, 5D, EV 97.5 MPH)
Greg James to second
Batting: RHB Roku Kawano 0-0: Fielders Choice at 2nd, 5-4 (Groundball, 56, EV 100.6 MPH)
Bottom of the 1st over - 0 runs, 2 hits, 0 errors, 2 left on base; Louisiana State University 0 - University of Conneticut 0
TOP OF THE 2ND
Louisiana State University Tigers batting - Pitching for University of Conneticut Huskies : RHP Sherwood Abernethy
Batting: RHB Keith Ashton 0-0: Ground out 6-3 (Groundball, 6, EV 86.2 MPH)
Batting: RHB Winston Vasquez 0-0: Ball
1-0: Foul Ball, location: 2F
1-1: SINGLE (Flyball, 78S, EV 90.6 MPH)
Batting: LHB Alex Morales 0-0: Swinging Strike
0-1: Called Strike
0-2: Strikes out swinging
Batting: RHB Leo Roldan 0-0: Ball
1-0: Ball
2-0: Foul Ball, location: 2F
2-1: SINGLE (Groundball, 4D, EV 103.8 MPH)
Winston Vasquez to second
Runner from 2nd tries for 3rd, SAFE, throw by RF made to third
Batting: LHB Matt Ellington 0-0: Ball
1-0: Swinging Strike
1-1: Ball
2-1: SINGLE (Line Drive, 4MD, EV 97.5 MPH)
Winston Vasquez scores
Leo Roldan to second
Batting: RHB David Dye 0-0: Ball
1-0: Ball
2-0: Foul Ball, location: 2F
2-1: SINGLE (Groundball, 4, EV 101.9 MPH)
Leo Roldan to third
Matt Ellington to second
Runner from 3rd tries for Home, SAFE, throw by RF to home
Batting: LHB Elijah Mallandain 0-0: Foul Ball, location: 2F
0-1: Fly out, F6 (Popup, 6M, EV 63.8 MPH)
Top of the 2nd over - 2 runs, 4 hits, 0 errors, 2 left on base; Louisiana State University 2 - University of Conneticut 0
BOTTOM OF THE 2ND
University of Conneticut Huskies batting - Pitching for Louisiana State University Tigers : RHP Angel Pastor
Batting: LHB Omar Alba 0-0: SINGLE (Groundball, P, EV 85.6 MPH) (infield hit)
Batting: RHB Jordan Nicholas 0-0: Ball
1-0: Ball
2-0: Ball
3-0: Called Strike
3-1: Foul Ball, location: 2F
3-2: Fielders Choice at 2nd, 4-6 (Groundball, 34S, EV 83.1 MPH)
Batting: RHB Cullen Elliott 0-0: Ball
Jordan Nicholas is caught stealing 2nd base 2-4
1-0: Ball
2-0: SINGLE (Groundball, 56D, EV 95.0 MPH)
Batting: RHB Jack Vokey 0-0: Ball
Cullen Elliott is caught stealing 2nd base 2-4
Bottom of the 2nd over - 0 runs, 2 hits, 0 errors, 0 left on base; Louisiana State University 2 - University of Conneticut 0
TOP OF THE 3RD
Louisiana State University Tigers batting - Pitching for University of Conneticut Huskies : RHP Sherwood Abernethy
Batting: LHB Oscar Rivera 0-0: Ground out U3 (Groundball, 3, EV 86.2 MPH)
Batting: RHB Pete Roberts 0-0: SOLO HOME RUN (Flyball, 7LD, EV 98.1 MPH), Distance : 379 ft
Batting: RHB Keith Ashton 0-0: Ball
1-0: Ball
2-0: SINGLE (Line Drive, 78S, EV 104.4 MPH)
Batting: RHB Winston Vasquez 0-0: Ball
1-0: Foul Ball, location: 2F
1-1: Called Strike
1-2: Strikes out swinging
Batting: LHB Alex Morales 0-0: Ball
1-0: Foul Ball, location: 2F
1-1: Ball
2-1: Ground out 6-3 (Groundball, 56D, EV 99.4 MPH)
Top of the 3rd over - 1 run, 2 hits, 0 errors, 1 left on base; Louisiana State University 3 - University of Conneticut 0
BOTTOM OF THE 3RD
University of Conneticut Huskies batting - Pitching for Louisiana State University Tigers : RHP Angel Pastor
Batting: RHB Jack Vokey 0-0: DOUBLE (Line Drive, 7LM, EV 113.8 MPH)
Batting: RHB Kyle Finney 0-0: SINGLE (Line Drive, 3D, EV 98.8 MPH)
Jack Vokey to third
Runner from 3rd tries for Home, SAFE, throw by RF to home
Batting: RHB Victor Ramos 0-0: Ball
1-0: Ball
Kyle Finney is caught stealing 2nd base 2-4
2-0: Foul Ball, location: 2F
2-1: Foul Ball, location: 2F
2-2: Strikes out swinging
Batting: LHB Greg James 0-0: Ball
1-0: Ball
2-0: Ball
3-0: Base on Balls
Batting: LHB Andrew Barzee 0-0: Ball
1-0: Ball
2-0: Ball
3-0: Called Strike
3-1: Base on Balls
Greg James to second
Batting: RHB Roku Kawano 0-0: Ball
1-0: Called Strike
1-1: Called Strike
1-2: Ball
2-2: Foul Ball, location: 2F
2-2: Ball
3-2: Base on Balls
Greg James to third
Andrew Barzee to second
Batting: LHB Omar Alba 0-0: DOUBLE (Line Drive, 3D, EV 100.6 MPH)
Greg James scores
Andrew Barzee scores
Roku Kawano to third
Runner from 3rd tries for Home, SAFE, no throw by RF
Batting: RHB Jordan Nicholas 0-0: Ball
1-0: Fly out, F7 (Flyball, 7D, EV 98.1 MPH)
Bottom of the 3rd over - 4 runs, 3 hits, 0 errors, 1 left on base; Louisiana State University 3 - University of Conneticut 4
TOP OF THE 4TH
Louisiana State University Tigers batting - Pitching for University of Conneticut Huskies : RHP Sherwood Abernethy
Batting: RHB Leo Roldan 0-0: Ball
1-0: Bunt missed!
1-1: Swinging Strike
1-2: Ball
2-2: Ball
3-2: Fly out, F9 (Flyball, 89M, EV 81.2 MPH)
Batting: LHB Matt Ellington 0-0: Fly out, F9 (Flyball, 89M, EV 92.5 MPH)
Batting: RHB David Dye 0-0: Ball
1-0: Foul Ball, location: 2F
1-1: Foul Ball, location: 2F
1-2: Ball
2-2: Foul Ball, location: 2F
2-2: Ball
3-2: Ground out 1-3 (Groundball, 13S, EV 65.6 MPH)
Top of the 4th over - 0 runs, 0 hits, 0 errors, 0 left on base; Louisiana State University 3 - University of Conneticut 4
BOTTOM OF THE 4TH
University of Conneticut Huskies batting - Pitching for Louisiana State University Tigers : RHP Angel Pastor
Pitching: LHP Nathan Waters
Batting: RHB Cullen Elliott 0-0: Called Strike
0-1: Ball
1-1: Foul Ball, location: 2F
1-2: DOUBLE (Line Drive, 7LS, EV 88.8 MPH)
Batting: RHB Jack Vokey 0-0: Ball
1-0: Ground out 5-3 (Groundball, 5, EV 82.5 MPH)
Batting: RHB Kyle Finney 0-0: Called Strike
0-1: Ball
1-1: Foul Ball, location: 2F
1-2: Ball
2-2: Ground out U3 (Groundball, 34S, EV 91.2 MPH)
Cullen Elliott to third
Batting: RHB Victor Ramos 0-0: Foul Ball, location: 2F
0-1: Foul Ball, location: 2F
0-2: Strikes out looking
Bottom of the 4th over - 0 runs, 1 hit, 0 errors, 1 left on base; Louisiana State University 3 - University of Conneticut 4
TOP OF THE 5TH
Louisiana State University Tigers batting - Pitching for University of Conneticut Huskies : RHP Sherwood Abernethy
Now in LF: Victor Nava
Batting: LHB Elijah Mallandain 0-0: Ball
1-0: Called Strike
1-1: Swinging Strike
1-2: Foul Ball, location: 2F
1-2: Strikes out swinging
Pinch Hitting: RHB Peter Turcotte 0-0: Ball
1-0: Ball
2-0: Called Strike
2-1: Ball
3-1: Foul Ball, location: 2F
3-2: Reached on error, E5 (Groundball, 56S, EV 66.9 MPH)
Batting: RHB Pete Roberts 0-0: Ball
1-0: Called Strike
1-1: Ball
2-1: Foul Ball, location: 2F
2-2: Foul Ball, location: 2F
2-2: Ground out 5-3 (Groundball, 56S, EV 84.4 MPH)
Pinch Hitting: SHB Graham Beamish 0-0: Called Strike
0-1: Called Strike
0-2: Ball
1-2: Foul Ball, location: 2F
1-2: Foul Ball, location: 2F
1-2: Foul Ball, location: 2F
1-2: Foul Ball, location: 2F
1-2: Strikes out swinging
Top of the 5th over - 0 runs, 0 hits, 1 error, 1 left on base; Louisiana State University 3 - University of Conneticut 4
BOTTOM OF THE 5TH
University of Conneticut Huskies batting - Pitching for Louisiana State University Tigers : LHP Nathan Waters
Now at C: Stone Fraser
Now at 2B: Michael Maier
Now at 3B: Graham Beamish
Now in CF: John Carter
Now in RF: Peter Turcotte
Batting: LHB Greg James 0-0: Called Strike
0-1: Ball
1-1: Called Strike
1-2: Ball
2-2: Foul Ball, location: 2F
2-2: Fly out, F4 (Line Drive, 4D, EV 68.1 MPH)
Batting: LHB Andrew Barzee 0-0: SINGLE (Groundball, 6, EV 96.9 MPH)
Batting: RHB Roku Kawano 0-0: Called Strike
0-1: Ball
1-1: Called Strike
1-2: Ball
2-2: Foul Ball, location: 2F
2-2: Strikes out swinging
Batting: LHB Omar Alba 0-0: DOUBLE (Line Drive, 78XD, EV 108.8 MPH)
Andrew Barzee to third
Runner from 3rd tries for Home, SAFE, no throw by LF
Batting: RHB Jordan Nicholas 0-0: Fly out, F7 (Flyball, 7D, EV 86.9 MPH)
Bottom of the 5th over - 1 run, 2 hits, 0 errors, 1 left on base; Louisiana State University 3 - University of Conneticut 5
TOP OF THE 6TH
Louisiana State University Tigers batting - Pitching for University of Conneticut Huskies : RHP Sherwood Abernethy
Pitching: RHP Gilberto Herrero
Now at 1B: Charlie Slayback
Batting: LHB John Carter 0-0: SINGLE (Groundball, 6M, EV 86.9 MPH) (infield hit)
Pinch Hitting: LHB Manny Grado 0-0: Called Strike
0-1: Foul Ball, location: 2F
0-2: Strikes out swinging
Batting: RHB D.J. Ganz 0-0: Ball
1-0: Foul Ball, location: 2F
1-1: Ball
2-1: Foul Ball, location: 2F
2-2: Strikes out swinging
Batting: SHB Stone Fraser 0-0: Ball
John Carter steals 2nd base (no throw)
1-0: Ball
2-0: Foul Ball, location: 2F
2-1: Called Strike
2-2: Foul Ball, location: 2F
2-2: Strikes out swinging
Top of the 6th over - 0 runs, 1 hit, 0 errors, 1 left on base; Louisiana State University 3 - University of Conneticut 5
BOTTOM OF THE 6TH
University of Conneticut Huskies batting - Pitching for Louisiana State University Tigers : LHP Nathan Waters
Pitching: LHP Dan Cunningham
Now at 1B: David Olivarez
Now at 2B: Mike Catalano
Now in LF: Brian Caruso
Batting: RHB Cullen Elliott 0-0: Ground out 6-3 (Groundball, 6, EV 102.5 MPH)
Batting: RHB Jack Vokey 0-0: Swinging Strike
0-1: Swinging Strike
0-2: Strikes out looking
Batting: RHB Paul Pastrano 0-0: SINGLE (Line Drive, 4MD, EV 103.8 MPH)
Batting: RHB Victor Nava 0-0: DOUBLE (Groundball, 5L, EV 104.4 MPH)
Paul Pastrano to third
Runner from 3rd tries for Home, SAFE, throw by LF to home
Pinch Hitting: LHB Hector Acosta 0-0: Ball
1-0: SINGLE (Line Drive, 4D, EV 96.2 MPH)
Victor Nava to third
Runner from 3rd tries for Home, SAFE, throw by CF to home
Batting: RHB Charlie Slayback 0-0: Ball
1-0: Ball
2-0: Ball
Hector Acosta is caught stealing 2nd base 2-4
Bottom of the 6th over - 2 runs, 3 hits, 0 errors, 0 left on base; Louisiana State University 3 - University of Conneticut 7
TOP OF THE 7TH
Louisiana State University Tigers batting - Pitching for University of Conneticut Huskies : RHP Gilberto Herrero
Pitching: LHP William Garcia
Now at C: Miguel Perez
Now in RF: Hector Acosta
Pinch Hitting: RHB Steve McCoig 0-0: Called Strike
0-1: Foul Ball, location: 2F
0-2: Strikes out swinging
Batting: SHB Brian Caruso 0-0: Called Strike
0-1: Swinging Strike
0-2: Foul Ball, location: 2F
0-2: Ball
1-2: Ball
2-2: Strikes out looking
Batting: RHB Peter Turcotte 0-0: Ground out 6-3 (Groundball, 6, EV 80.0 MPH)
Top of the 7th over - 0 runs, 0 hits, 0 errors, 0 left on base; Louisiana State University 3 - University of Conneticut 7
BOTTOM OF THE 7TH
University of Conneticut Huskies batting - Pitching for Louisiana State University Tigers : LHP Dan Cunningham
Pitching: RHP Nick McCoy
Now at SS: Steve McCoig
Batting: RHB Charlie Slayback 0-0: Called Strike
0-1: Ball
1-1: Ground out 4-3 (Groundball, 4, EV 77.5 MPH)
Batting: SHB Miguel Perez 0-0: Foul Ball, location: 2F
0-1: Swinging Strike
0-2: Foul Ball, location: 2F
0-2: Ball
1-2: Ball
2-2: Ball
3-2: Base on Balls
Batting: LHB Omar Alba 0-0: Swinging Strike
0-1: Fielders Choice at 2nd, 6-4 (Groundball, 6, EV 100.6 MPH)
Batting: RHB Jordan Nicholas 0-0: Ground out 1-3 (Groundball, P, EV 65.0 MPH)
Bottom of the 7th over - 0 runs, 0 hits, 0 errors, 1 left on base; Louisiana State University 3 - University of Conneticut 7
TOP OF THE 8TH
Louisiana State University Tigers batting - Pitching for University of Conneticut Huskies : LHP William Garcia
Pitching: RHP Gabe Martinez
Pinch Hitting: LHB Jon Valdez 0-0: Ball
1-0: Called Strike
1-1: Swinging Strike
1-2: Strikes out swinging
Batting: SHB Graham Beamish 0-0: Called Strike
0-1: Ball
1-1: Ball
2-1: Ball
3-1: Base on Balls
Batting: LHB John Carter 0-0: Called Strike
0-1: Ball
1-1: Ball
2-1: Fielders Choice at 2nd, 6-4 (Groundball, 6, EV 80.6 MPH)
Pinch Hitting: RHB Stewart Walker 0-0: Ball
1-0: Ground out 1-3 (Groundball, 15S, EV 61.9 MPH)
Top of the 8th over - 0 runs, 0 hits, 0 errors, 1 left on base; Louisiana State University 3 - University of Conneticut 7
BOTTOM OF THE 8TH
University of Conneticut Huskies batting - Pitching for Louisiana State University Tigers : RHP Nick McCoy
Pitching: LHP Clyde Fisher
Now at 1B: Jon Valdez
Now at 2B: Jake Garza
Batting: RHB Cullen Elliott 0-0: Ball
1-0: Swinging Strike
1-1: Called Strike
1-2: Hit by Pitch
Batting: RHB Jack Vokey 0-0: Ball
1-0: Ball
2-0: Foul Ball, location: 2F
2-1: Foul Ball, location: 2F
2-2: Ball
3-2: Base on Balls
Cullen Elliott to second
Batting: RHB Paul Pastrano 0-0: Ball
1-0: Ball
2-0: Called Strike
2-1: Foul Ball, location: 2F
2-2: Ball
3-2: SINGLE (Flyball, 4MD, EV 90.6 MPH)
Cullen Elliott to third
Jack Vokey to second
Batting: RHB Victor Nava 0-0: Ball
1-0: Fly out, F8 (Flyball, 8RM, EV 93.1 MPH)
Runner from 3rd tags up, SCORES, throw by CF
Batting: LHB Hector Acosta 0-0: Called Strike
0-1: Foul Ball, location: 2F
0-2: Strikes out looking
Batting: RHB Charlie Slayback 0-0: Foul Ball, location: 2F
0-1: Ball
1-1: SINGLE (Flyball, 6MD, EV 89.4 MPH)
Jack Vokey to third
Paul Pastrano to second
Pitching: RHP Sal Ganzalez
Batting: SHB Miguel Perez 0-0: Ground out 3-1 (Groundball, 34S, EV 82.5 MPH)
Bottom of the 8th over - 1 run, 2 hits, 0 errors, 3 left on base; Louisiana State University 3 - University of Conneticut 8
TOP OF THE 9TH
Louisiana State University Tigers batting - Pitching for University of Conneticut Huskies : RHP Gabe Martinez
Pitching: LHP Travis Ventresca
Batting: RHB D.J. Ganz 0-0: Ball
1-0: Reached on error, E4 (Groundball, 4MS, EV 66.9 MPH)
Pinch Hitting: RHB Byung-hee Jee 0-0: Ball
1-0: Foul Ball, location: 2F
1-1: Ball
2-1: Foul Ball, location: 2F
2-2: Foul Ball, location: 2F
2-2: Fly out, F9 (Flyball, 9D, EV 97.5 MPH)
Batting: RHB Steve McCoig 0-0: Called Strike
0-1: Foul Ball, location: 2F
0-2: Ball
1-2: Strikes out swinging
Batting: SHB Brian Caruso 0-0: Called Strike
0-1: Ball
1-1: Ball
2-1: Foul Ball, location: 2F
2-2: Foul Ball, location: 2F
2-2: Strikes out swinging
Top of the 9th over - 0 runs, 0 hits, 1 error, 1 left on base; Louisiana State University 3 - University of Conneticut 8
Thursday, December 15th , 2022 - OOTP Baseball 23.9 Build 102